 Dungeon Crawl Stone Soup version 0.23.0-3-gf3c87f2df8 (webtiles) character file.

Game seed: 6366003840646652737

87111 Sondor the Cruncher (level 15, -3/142 HPs)
             Began as a Demonspawn Chaos Knight on Feb 21, 2019.
             Was a Plaything of Xom.
             Slain by a vampire mage (5 damage)
             ... on level 1 of the Depths.
             The game lasted 01:04:33 (18145 turns).

Sondor the Cruncher (Demonspawn Chaos Knight)      Turns: 18145, Time: 01:04:34

Health: -3/142     AC: 25    Str: 18    XL:     15   Next: 42%
Magic:  0/23       EV: 12    Int: 23    God:    Xom [......]
Gold:   1105       SH:  0    Dex: 22    Spells: 14/17 levels left

rFire    + + +     SeeInvis .   k - +6 Majin-Bo {vamp, Archmagi MP+6 Int+6}
rCold    + + +     Gourm    .   (shield currently unavailable)
rNeg     + . .     Faith    .   w - +4 chain mail of Devotion {Int+3 Dex+3}
rPois    +         Spirit   +   (helmet restricted)
rElec    .         Reflect  .   (no cloak)
rCorr    .         Harm     .   B - +2 pair of gloves {Dex+3}
MR       +....                  n - +2 pair of boots
Stlth    ++........             i - amulet of guardian spirit
HPRegen  0.33/turn              y - +2 ring of dexterity
MPRegen  0.18/turn              g - ring of Sif Muna's Pride {rF+++ rC+ rN+ Str+3 Int-4}

@: about to teleport, slowed, lightly drained, very slow
A: antennae 2, fangs 1, hooves 1, icy blue scales 2, camouflage 1, clever 2,
cold resistance 3, mutation resistance 1, sense surroundings 1, poison
resistance, powered by death 2, robust 2, weak 1, wild magic 3, MP-powered wands
a: Renounce Religion


You were on level 1 of the Depths.
You worshipped Xom.
You were a very special plaything of Xom.
You were not hungry.

You visited 2 branches of the dungeon, and saw 16 of its levels.
You also visited: Bailey.

You collected 1105 gold pieces.

Inventory:

Hand Weapons
 a - a +6 long sword of slicing
 k - the +6 Majin-Bo (weapon) {vamp, Archmagi MP+6 Int+6}
   (You took it off an orc priest on level 7 of the Dungeon)

   It inflicts no extra harm, but heals its wielder when it wounds a living foe.
   It affects your intelligence (+6).
   It affects your magic capacity (+6).
 m - a +4 mace of venom
 u - the +1 battleaxe "Emuef" {freeze, Dex+5}
   (You took it off an orc warrior on level 7 of the Dungeon)

   It has been specially enchanted to freeze those struck by it, causing extra
   injury to most foes and up to half again as much damage against particularly
   susceptible opponents.
   It can also slow down cold-blooded creatures.
   It affects your dexterity (+5).
Missiles
 e - 10 tomahawks
 C - 28 tomahawks of returning (quivered)
Armour
 n - a +2 pair of boots (worn)
 w - the +4 chain mail of Devotion (worn) {Int+3 Dex+3}
   (You took it off an orc warrior on level 7 of the Dungeon)

   It affects your intelligence (+3).
   It affects your dexterity (+3).
 B - a +2 pair of gloves of dexterity (worn)
Jewellery
 b - an uncursed ring of ice
 g - the ring of Sif Muna's Pride (right hand) {rF+++ rC+ rN+ Str+3 Int-4}
   (You acquired it on level 13 of the Dungeon)

   [ring of protection from cold]

   It affects your strength (+3).
   It affects your intelligence (-4).
   It renders you almost immune to fire.
   It protects you from cold.
   It protects you from negative energy.
 i - an amulet of guardian spirit (around neck)
 y - a +2 ring of dexterity (left hand)
Wands
 l - a wand of flame (25)
 v - a wand of disintegration (16)
 x - a wand of random effects (13)
 z - a wand of polymorph (7)
 G - a wand of iceblast (2)
Scrolls
 o - a scroll of identify
 p - 4 scrolls of remove curse
 D - a scroll of enchant armour
Potions
 f - 3 potions of lignification
 j - a potion of magic
 r - 2 potions of agility
 s - 4 potions of brilliance
 t - 2 potions of mutation
 A - 2 potions of haste
Miscellaneous
 q - a lamp of fire (inert)
Comestibles
 c - 10 rations


   Skills:
 + Level 11.4(11.1) Fighting
 + Level 5.0(4.8) Long Blades
 + Level 2.6(5.7) Axes
 + Level 8.5(11.4) Maces & Flails
 + Level 12.5(13.1) Staves
 + Level 5.1(4.9) Throwing
 + Level 10.3(10.1) Armour
 + Level 7.3(7.1) Dodging
 + Level 6.0(5.8) Stealth
   Level 2.3(2.1) Shields
 + Level 1.6(1.3) Unarmed Combat
 + Level 1.6(1.4) Spellcasting
 + Level 1.6(1.3) Translocations
 + Level 3.4(3.2) Evocations


You had 14 spell levels left.
You knew the following spells:

 Your Spells              Type           Power        Failure   Level  Hunger
a - Gell's Gravitas       Tloc           ###.......   98%         3    ###....

Your spell library contained the following spells:

 Spells                   Type           Power        Failure   Level  Hunger
 Confusing Touch          Hex            #.....       91%         1    #......
 Corona                   Hex            #......      91%         1    #......
 Summon Small Mammal      Summ           #...         91%         1    #......
 Call Imp                 Summ           #.......     97%         2    ###....
 Corpse Rot               Necr           N/A          97%         2    ###....
 Ensorcelled Hibernation  Hex/Ice        #.....       97%         2    ###....
 Call Canine Familiar     Summ           #.......     99%         3    ###....
 Confuse                  Hex            #.......     99%         3    ###....
 Dazzling Spray           Conj/Hex       #.....       99%         3    ###....
 Stone Arrow              Conj/Erth      #.....       99%         3    ###....
 Summon Guardian Golem    Hex/Summ       #.......     99%         3    ###....
 Tukima's Dance           Hex            #.......     99%         3    ###....
 Leda's Liquefaction      Hex/Erth       #.........   100%        4    #####..
 Petrify                  Tmut/Erth      #.......     100%        4    #####..
 Summon Ice Beast         Ice/Summ       #.......     100%        4    #####..
 Summon Lightning Spire   Summ/Air       #.......     100%        4    #####..
 Metabolic Englaciation   Hex/Ice        #.........   100%        5    ######.
 Summon Forest            Summ/Tloc      ##........   100%        5    ######.
 Yara's Violent Unravell  Hex/Tmut       #.........   100%        5    ######.
 Hydra Form               Tmut           #.........   100%        6    #######
 Summon Hydra             Summ           #.........   100%        7    #######


Dungeon Overview and Level Annotations

Branches:
Dungeon (15/15)            Temple (0/1) D:7            Lair (0/6) D:11
    Orc (0/2) D:12         Vaults (0/5) D:13         Depths (1/5) D:15

Altars:
Ashenzari
Cheibriados
Dithmenos
Elyvilon
Fedhas
Gozag
Hepliaklqana
Kikubaaqudgha
Makhleb
Nemelex Xobeh
Okawaru
Qazlal
Sif Muna
Trog
Uskayaw
Vehumet
Xom
The Shining One
Beogh

Shops:
D:4 =   D:5 (


Innate Abilities, Weirdness & Mutations

You have a pair of antennae on your head.
You are mostly covered in icy blue scales. (AC +3)
Your flesh is almost immune to the effects of cold. (rC+++)
You regenerate health from kills.
You have very sharp teeth.
You have large cloven feet.
Your skin changes colour to match your surroundings (Stealth+).
Your mind is very acute. (Int +4)
You are somewhat resistant to further mutation.
You passively map a small area around you.
Your system is resistant to poisons. (rPois)
You are very robust. (+20% HP)
You are weak. (Str -2)
Your spells are much harder to cast, but much more powerful.
You expend magic power (3 MP) to strengthen your wands.


Message History

The stone giant hits you!!
* * * LOW HITPOINT WARNING * * *
You feel better. The vampire mage hits you.
* * * LOW HITPOINT WARNING * * *
The vampire mage barely misses you.
The stone giant hits you but does no damage.
The vampire mage misses you. The vampire mage bites you.
* * * LOW HITPOINT WARNING * * *
The vampire mage draws strength from your injuries!
As you read the scroll of teleportation, it crumbles to dust.
You feel strangely unstable. The stone giant closely misses you.
The vampire mage hits you but does no damage.
The vampire mage closely misses you. The stone giant hits you!
* * * LOW HITPOINT WARNING * * *
The vampire mage hits you.
* * * LOW HITPOINT WARNING * * *
The vampire mage bites you but does no damage.
The vampire mage closely misses you. The vampire mage bites you.
You die...
Xom chortles!

**********########### ****
,,,,,,,,,,,.........# *,,*
**,,********#.......# *,,* *,,*
#.....).# *,,* *,,* #.......#
#..# *,,****#####...@.(.# #..#
*,,,,,,.......VC(..# #..#
**,,,,,,............# #..#
,,,,,,,,......#####.# #..#
*,,,,,,,......* #.# #..#
*,,,,,,,.....,* #†#####..######
*,,,,,,,......#####..............
*,,,,,,,..............####.....>.
*,,,,,,,....########...#*#.######


You could see a stone giant and a vampire mage.

Vanquished Creatures
  Louise (D:14)
  Azrael (D:15)
  An ettin (Depths:1)
  A great orb of eyes (Depths:1)
  An ogre mage (D:15)
  Erolcha (D:10)
  2 centaur warriors
  A hydra (D:13)
  Erica (D:10)
  A catoblepas (D:14)
  6 two-headed ogres
  A dancing weapon (D:13)
  2 tengu warriors
  13 skeletal warriors
  The ghost of gothhamster the Insei, a novice GnTm of Sif Muna (D:7)
  5 unseen horrors
  A lindwurm (shapeshifter) (Depths:1)
  Pikel (D:4)
  5 deep elf magi
  2 manticores
  2 orc sorcerers (D:15)
  4 slime creatures (D:13)
  2 cyclopes
  3 ugly things
  Joseph (D:7)
  Maurice (D:10)
  A gargoyle (D:12)
  3 yaktaurs (Depths:1)
  3 trolls
  Grinder (D:3)
  2 hornets
  A hornet (shapeshifter) (D:13)
  3 hippogriffs
  A shadow (D:14)
  2 wraiths
  Sigmund (D:6)
  2 wyverns
  A human (D:7)
  16 yaks
  2 vampire mosquitoes (D:12)
  A basilisk (D:14)
  2 hungry ghosts
  4 fire elementals (D:15)
  4 hogs (D:7)
  3 hell hounds (D:15)
  11 orc warriors
  2 ice beasts
  A black bear (D:6)
  3 slaves (D:4)
  2 sky beasts
  6 ogres
  4 wolves (D:8)
  6 boggarts
  An eye of draining (D:11)
  2 phantoms (D:4)
  11 centaurs
  A crocodile (D:14)
  5 big kobolds
  7 bullfrogs
  2 wyvern zombies
  3 scorpions
  3 killer bees (D:9)
  14 wights
  9 crimson imps
  2 howler monkeys (D:7)
  A quasit (D:12)
  4 centaur zombies
  A bullfrog zombie (D:5)
  6 jellies
  8 hounds
  6 centaur skeletons
  9 orc priests
  4 bullfrog skeletons
  4 iguanas
  5 orc wizards
  9 worker ants
  A hound skeleton (D:4)
  Robin (D:3)
  A worker ant zombie (D:6)
  14 adders
  8 gnolls
  2 shadow imps
  An ooze (D:4)
  2 worms
  A dart slug (D:4)
  7 leopard geckos
  57 orcs
  3 bats
  4 giant cockroaches
  15 goblins
  10 hobgoblins
  10 jackals
  5 quokkas
  A ball python (D:1)
  3 frilled lizards
  A giant cockroach zombie (D:6)
  46 kobolds
  A leopard gecko skeleton (D:8)
  6 rats
466 creatures vanquished.

Vanquished Creatures (collateral kills)
  An orc warlord (Bailey)
  Josephine (D:15)
  Fannar (D:10)
  A dancing weapon (D:13)
  A skeletal warrior (D:15)
  An orc knight (D:15)
  2 wraiths (D:15)
  A slave (D:4)
  A shadow imp (D:4)
  2 orcs (Bailey)
  A frilled lizard (D:4)
13 creatures vanquished.

Vanquished Creatures (others)
  A sphinx (Depths:1)
  A dancing weapon (D:15)
  A deep elf mage (D:15)
  An orc warrior (D:7)
  An ogre (D:7)
  An orc wizard (D:8)
  A gnoll (D:8)
  2 orcs
  A plant (D:15)
10 creatures vanquished.

Grand Total: 489 creatures vanquished

Notes
Turn   | Place    | Note
-------+----------+-------------------------------------------
     0 | D:1      | Sondor the Demonspawn Chaos Knight began the quest for the
                  | Orb.
     0 | D:1      | Reached XP level 1. HP: 18/18 MP: 1/1
    17 | D:1      | XOM: harmless Ice miscast
    22 | D:1      | XOM: harmless Tmut miscast
    35 | D:1      | XOM: harmless Necr miscast
   147 | D:1      | Gained mutation: You are partially covered in icy blue
                  | scales. (AC +2) [demonic ancestry]
   147 | D:1      | Reached XP level 2. HP: 17/24 MP: 2/2
   327 | D:1      | XOM: harmless Necr miscast
   587 | D:2      | Found a hide-covered altar of Uskayaw.
   589 | D:2      | Found a blossoming altar of Fedhas.
   965 | D:2      | Reached skill level 1 in Dodging
  1178 | D:2      | Gained mutation: You regenerate a little health from kills.
                  | [demonic ancestry]
  1178 | D:2      | Reached XP level 3. HP: 28/29 MP: 3/3
  1382 | D:2      | XOM: harmless Erth miscast
  1453 | D:2      | XOM: noise
  1628 | D:3      | Found a snail-covered altar of Cheibriados.
  1639 | D:3      | Noticed Robin
  1667 | D:3      | XOM: potion effect (haste)
  1672 | D:3      | Killed Robin
  1672 | D:3      | Gained mutation: Your flesh is cold resistant. (rC+)
                  | [demonic ancestry]
  1672 | D:3      | Reached XP level 4. HP: 23/37 MP: 4/4
  1706 | D:3      | XOM: scenery: 2 doors open
  1739 | D:3      | Noticed Grinder
  1753 | D:3      | Paralysed by Grinder for 6 turns
  1757 | D:3      | XOM: confuse monster(s)
  1769 | D:3      | Paralysed by Grinder for 7 turns
  1779 | D:3      | Paralysed by Grinder for 2 turns
  1788 | D:3      | Killed Grinder
  1788 | D:3      | Reached skill level 1 in Stealth
  1788 | D:3      | Gained mutation: You are mostly covered in icy blue scales.
                  | (AC +3) [demonic ancestry]
  1788 | D:3      | Reached XP level 5. HP: 6/42 MP: 5/5
  1788 | D:3      | Reached XP level 6. HP: 6/48 MP: 6/6
  2092 | D:3      | XOM: cast spell 'Summon Butterflies'
  2095 | D:3      | Reached skill level 1 in Maces & Flails
  2096 | D:3      | Found a bloodstained altar of Trog.
  2511 | D:3      | XOM: harmless Erth miscast
  2661 | D:4      | Found Tewifoam's Jewellery Shop.
  2691 | D:4      | Found an iron altar of Okawaru.
  2841 | D:4      | XOM: enchant monster (bad)
  2916 | D:4      | Gained mutation: You have a pair of small antennae on your
                  | head. [demonic ancestry]
  2916 | D:4      | Reached XP level 7. HP: 44/55 MP: 5/7
  3002 | D:4      | Noticed Pikel
  3005 | D:4      | XOM: summons 4 friendly demons
  3005 | D:4      | XOM: smoke on damage
  3021 | D:4      | XOM: cast spell 'Olgreb's Toxic Radiance'
  3023 | D:4      | Killed Pikel
  3023 | D:4      | Reached skill level 1 in Shields
  3023 | D:4      | Reached XP level 8. HP: 21/61 MP: 4/8
  3268 | D:4      | Found an ancient bone altar of Kikubaaqudgha.
  3278 | D:4      | XOM: give mutations
  3278 | D:4      | Gained mutation: You passively map a small area around you.
                  | [Xom's grace]
  3278 | D:4      | Gained mutation: You evolve. [Xom's grace]
  3278 | D:4      | Gained mutation: Your spells are a little harder to cast,
                  | but a little more powerful. [Xom's grace]
  3278 | D:4      | Gained mutation: Your muscles are strong. (Str +2) [Xom's
                  | grace]
  3469 | D:4      | XOM: enchant monster (bad)
  3504 | D:4      | Gained mutation: You have a beak for a mouth. [evolution]
  3556 | D:5      | Entered Level 5 of the Dungeon
  3611 | D:5      | XOM: 1-stop teleportation journey
  3657 | D:5      | Found Viogo's Antique Weapon Emporium.
  3841 | D:5      | Noticed a hornet
  3844 | D:5      | Killed a hornet
  3844 | D:5      | Reached skill level 5 in Fighting
  3844 | D:5      | Reached skill level 5 in Maces & Flails
  3846 | D:5      | XOM: repel stairs
  3871 | D:5      | XOM: 2-stop teleportation journey
  3960 | D:5      | Lost mutation: You passively map a small area around you.
                  | [potion of mutation]
  3960 | D:5      | Lost mutation: Your muscles are strong. (Str +2) [potion of
                  | mutation]
  3960 | D:5      | Lost mutation: Your spells are a little harder to cast, but
                  | a little more powerful. [potion of mutation]
  3960 | D:5      | Gained mutation: You tend to lose your temper in combat.
                  | [potion of mutation]
  3960 | D:5      | Gained mutation: You have large cloven feet. [potion of
                  | mutation]
  3961 | D:5      | Lost mutation: You have large cloven feet. [potion of
                  | mutation]
  3961 | D:5      | Lost mutation: You evolve. [potion of mutation]
  3961 | D:5      | Gained mutation: You are somewhat resistant to further
                  | mutation. [potion of mutation]
  3973 | D:5      | You fall through a shaft for 2 floors!
  4255 | D:6      | XOM: mild Necr miscast
  4462 | D:6      | Noticed Sigmund
  4472 | D:6      | Killed Sigmund
  4512 | D:6      | XOM: silly message
  4515 | D:6      | XOM: confusion (+ monsters)
  4518 | D:6      | Reached XP level 9. HP: 46/68 MP: 6/9
  4868 | D:7      | Noticed Joseph
  4870 | D:7      | Found a radiant altar of Vehumet.
  4891 | D:7      | Killed Joseph
  4891 | D:7      | Reached skill level 1 in Evocations
  4968 | D:7      | XOM: 1-stop teleportation journey
  5056 | D:7      | Found a glowing golden altar of the Shining One.
  5151 | D:7      | XOM: enchant monster (bad)
  5166 | D:7      | XOM: chaos cloud
  5179 | D:7      | Reached skill level 5 in Dodging
  5298 | D:7      | Noticed gothhamster's ghost (novice GnTm)
  5358 | D:7      | Found a runed translucent gate.
  5358 | D:7      | Identified the +1 battleaxe "Emuef" {freeze, Dex+5}
  5358 | D:7      | Identified the +4 chain mail of Devotion {Int+3 Dex+3}
  5359 | D:7      | Found a runed translucent gate.
  5359 | D:7      | Found a runed translucent gate.
  5362 | D:7      | Found a roughly hewn altar of Beogh.
  5379 | D:7      | XOM: 1-stop teleportation journey
  5443 | D:7      | XOM: harmless Hex miscast
  5453 | D:7      | XOM: divine lightning
  5465 | D:7      | XOM: enchant monster (good)
  5493 | D:7      | XOM: summons friendly shadow imp
  5494 | D:7      | Killed gothhamster's ghost
  5515 | D:7      | Gained mutation: You regenerate health from kills. [demonic
                  | ancestry]
  5515 | D:7      | Reached XP level 10. HP: 47/77 MP: 7/10
  5625 | D:7      | XOM: cloud trail
  5632 | D:7      | Found a staircase to the Ecumenical Temple.
  5660 | D:7      | Learned a level 3 spell: Gell's Gravitas
  5689 | D:7      | Found a stormy altar of Qazlal.
  6042 | D:7      | XOM: scenery: create altars
  6106 | D:7      | XOM: god gift: shiny chain mail {god gift}
  6215 | D:8      | XOM: destruction
  6215 | D:8      | XOM: smoke on damage
  6270 | D:8      | XOM: mild Tmut miscast
  6360 | D:8      | Reached skill level 1 in Staves
  6448 | D:8      | Found a white marble altar of Elyvilon.
  6589 | D:8      | Found a sparkling altar of Nemelex Xobeh.
  6590 | D:8      | Noticed Grum
  6594 | D:8      | XOM: smoke on damage
  6607 | D:8      | Noticed Grum
  6607 | D:8      | Grum changed into Grum the boggart
  6607 | D:8      | XOM: polymorph Grum -> Grum the boggart
  6771 | D:8      | Reached skill level 2 in Staves
  6925 | D:8      | Killed Grum the boggart
  6933 | D:8      | XOM: enchant monster (bad)
  7070 | D:9      | Found a flagged portal.
  7083 | Bailey   | Entered a bailey
  7090 | Bailey   | Noticed an orc warlord
  7212 | Bailey   | Reached skill level 3 in Staves
  7249 | Bailey   | Found a runed translucent gate.
  7252 | Bailey   | Found a runed translucent gate.
  7254 | Bailey   | Found a runed translucent gate.
  7265 | Bailey   | XOM: fog
  7359 | Bailey   | XOM: noise
  7447 | Bailey   | Killed an orc warlord
  7447 | Bailey   | Reached skill level 1 in Throwing
  7505 | D:9      | Found a burning altar of Makhleb.
  7516 | D:9      | Reached skill level 4 in Staves
  7595 | D:9      | Found a shadowy altar of Dithmenos.
  7600 | D:9      | XOM: cleaving
  7617 | D:9      | XOM: polymorph killer bee -> hornet
  7621 | D:9      | Reached skill level 5 in Armour
  7710 | D:9      | XOM: potion effect (berserk rage)
  7773 | D:9      | XOM: divination: magic mapping
  7777 | D:9      | XOM: enchant monster (bad)
  7868 | D:9      | XOM: confuse monster(s)
  8061 | D:9      | XOM: mild Ice miscast
  8096 | D:10     | Entered Level 10 of the Dungeon
  8108 | D:10     | XOM: 2-stop teleportation journey
  8109 | D:10     | Noticed Erolcha
  8110 | D:10     | XOM: confusion
  8123 | D:10     | Killed Erolcha
  8123 | D:10     | Reached skill level 5 in Staves
  8123 | D:10     | Reached XP level 11. HP: 62/84 MP: 12/12
  8332 | D:10     | Noticed a centaur warrior
  8332 | D:10     | XOM: 3-stop teleportation journey
  8340 | D:10     | XOM: polymorph yak -> salamander
  8346 | D:10     | XOM: summons 1 hostile shadow creature
  8348 | D:10     | XOM: polymorph salamander -> manticore
  8350 | D:10     | XOM: enchant monster (bad)
  8363 | D:10     | Reached skill level 6 in Staves
  8369 | D:10     | XOM: 1-stop teleportation journey
  8370 | D:10     | Noticed Erica
  8377 | D:10     | XOM: snakes to sticks
  8384 | D:10     | XOM: give mutations
  8384 | D:10     | Gained mutation: You are robust. (+10% HP) [Xom's mischief]
  8384 | D:10     | Gained mutation: You are dopey. (Int -2) [Xom's mischief]
  8384 | D:10     | Gained mutation: You are weak. (Str -2) [Xom's mischief]
  8387 | D:10     | XOM: smoke on damage
  8388 | D:10     | XOM: silly message
  8394 | D:10     | Killed Erica
  8455 | D:10     | XOM: polymorph jelly -> boggart
  8557 | D:10     | Killed a centaur warrior
  8557 | D:10     | Reached skill level 7 in Staves
  8560 | D:10     | XOM: noise
  8573 | D:10     | XOM: chaos cloud
  8697 | D:10     | Found a deep blue altar of Sif Muna.
  8856 | D:10     | Noticed Maurice
  8859 | D:10     | XOM: give mutations
  8859 | D:10     | Gained mutation: You are clumsy. (Dex -2) [Xom's mischief]
  8859 | D:10     | Gained mutation: Your magical capacity is low. (-10% MP)
                  | [Xom's mischief]
  8859 | D:10     | Lost mutation: You are dopey. (Int -2) [Xom's mischief]
  8859 | D:10     | Gained mutation: You occasionally shout uncontrollably at
                  | your foes. [Xom's mischief]
  8882 | D:10     | XOM: smoke on damage
  9126 | D:10     | Found a roughly hewn altar of Beogh.
  9214 | D:10     | Noticed Fannar
  9215 | D:10     | XOM: summons 2 friendly demons
  9222 | D:10     | XOM: divination: detect creatures
  9240 | D:10     | XOM: potion effect (agility)
  9248 | D:10     | XOM: polymorph ice beast -> crocodile
  9259 | D:10     | Killed Fannar
  9259 | D:10     | Reached skill level 8 in Staves
  9567 | D:10     | Killed Maurice
  9580 | D:11     | Found a staircase to the Lair.
  9592 | D:11     | XOM: polymorph adder -> quokka
  9658 | D:11     | XOM: enchant monster (good)
  9699 | D:11     | Killed an unseen horror
  9721 | D:11     | Killed an unseen horror
  9752 | D:11     | Noticed a two-headed ogre
  9767 | D:11     | Killed a two-headed ogre
  9767 | D:11     | Reached XP level 12. HP: 76/103 MP: 11/12
  9774 | D:11     | Reached skill level 5 in Long Blades
  9774 | D:11     | Reached skill level 1 in Axes
  9774 | D:11     | Reached skill level 9 in Staves
  9774 | D:11     | Reached skill level 5 in Stealth
  9774 | D:11     | Reached skill level 1 in Unarmed Combat
  9774 | D:11     | Reached skill level 1 in Spellcasting
  9774 | D:11     | Reached skill level 1 in Translocations
  9774 | D:11     | Gained mutation: You have a pair of antennae on your head.
                  | [demonic ancestry]
  9774 | D:11     | Reached XP level 13. HP: 88/110 MP: 13/13
  9777 | D:11     | XOM: god gift: 20 bolts
 10179 | D:12     | Found a staircase to the Orcish Mines.
 10296 | D:12     | Found a shattered altar of Ashenzari.
 10296 | D:12     | XOM: 6-stop teleportation journey
 10393 | D:12     | Found a hazy altar of Hepliaklqana.
 10675 | D:12     | XOM: summons friendly crimson imp
 10763 | D:12     | XOM: 2-stop teleportation journey
 10967 | D:12     | XOM: god gift: shortbow {god gift}
 11201 | D:12     | Reached skill level 10 in Staves
 11604 | D:12     | XOM: god gift: 16 gold pieces
 11848 | D:13     | Identified a scroll of acquirement
 11851 | D:13     | Got a pitted lapis lazuli ring
 11853 | D:13     | Identified the ring of Sif Muna's Pride {rF+++ rC+ rN+
                  | Str+3 Int-4} (You acquired it on level 13 of the Dungeon)
 11880 | D:13     | HP: 3/111 [skeletal warrior/+0 war axe[a skeletal warrior]
                  | (14)]
 12063 | D:13     | XOM: mild Air miscast
 12311 | D:13     | XOM: medium Chrm miscast
 12316 | D:13     | XOM: enchant monster (good)
 12331 | D:13     | Lost mutation: Your magical capacity is low. (-10% MP)
                  | [potion of mutation]
 12331 | D:13     | Lost mutation: You are clumsy. (Dex -2) [potion of
                  | mutation]
 12331 | D:13     | Lost mutation: You occasionally shout uncontrollably at
                  | your foes. [potion of mutation]
 12331 | D:13     | Lost mutation: You tend to lose your temper in combat.
                  | [potion of mutation]
 12331 | D:13     | Gained mutation: Your spells are a little harder to cast,
                  | but a little more powerful. [potion of mutation]
 12331 | D:13     | Gained mutation: You passively map a small area around you.
                  | [potion of mutation]
 12335 | D:13     | XOM: mild Hex miscast
 12411 | D:13     | XOM: summons friendly iron imp
 12416 | D:13     | XOM: chaos upgrade
 12689 | D:13     | XOM: potion effect (experience)
 12689 | D:13     | Reached XP level 14. HP: 72/119 MP: 16/16
 13215 | D:13     | XOM: divination: magic mapping
 13247 | D:13     | Reached skill level 10 in Fighting
 13256 | D:13     | XOM: enchant monster (good)
 13270 | D:13     | Found a gate to the Vaults.
 13365 | D:13     | XOM: noise
 13376 | D:13     | Reached skill level 11 in Staves
 13713 | D:13     | XOM: 2-stop teleportation journey
 13925 | D:13     | XOM: give mutations
 13925 | D:13     | Gained mutation: Your mind is acute. (Int +2) [Xom's
                  | mischief]
 13925 | D:13     | Lost mutation: You are weak. (Str -2) [Xom's mischief]
 13925 | D:13     | Gained mutation: You are weak. (Str -2) [Xom's mischief]
 13925 | D:13     | Gained mutation: Your spells are harder to cast, but more
                  | powerful. [Xom's mischief]
 13972 | D:13     | XOM: harmless Conj miscast
 13991 | D:13     | XOM: cloud trail
 14198 | D:13     | XOM: give mutations
 14198 | D:13     | Gained mutation: Your system is resistant to poisons.
                  | (rPois) [Xom's grace]
 14198 | D:13     | Gained mutation: Your flesh is very cold resistant. (rC++)
                  | [Xom's grace]
 14198 | D:13     | Gained mutation: Your mind is very acute. (Int +4) [Xom's
                  | grace]
 14198 | D:13     | Gained mutation: Your skin changes colour to match your
                  | surroundings (Stealth+). [Xom's grace]
 14342 | D:14     | Noticed Louise
 14382 | D:14     | XOM: summons friendly quasit
 14389 | D:14     | XOM: confuse monster(s)
 14415 | D:14     | XOM: give mutations
 14415 | D:14     | Gained mutation: You are resistant to hostile enchantments.
                  | (MR+) [Xom's grace]
 14415 | D:14     | Gained mutation: You have large cloven feet. [Xom's grace]
 14415 | D:14     | Gained mutation: Your spells are much harder to cast, but
                  | much more powerful. [Xom's grace]
 14442 | D:14     | XOM: smoke on damage
 14524 | D:14     | Killed Louise
 14992 | D:14     | Found an opulent altar of Gozag.
 15103 | D:15     | Entered Level 15 of the Dungeon
 15134 | D:15     | XOM: harmless Conj miscast
 15197 | D:15     | Noticed Josephine
 15203 | D:15     | Killed Josephine
 15243 | D:15     | Noticed Azrael
 15269 | D:15     | Reached XP level 15. HP: 41/128 MP: 10/17
 15399 | D:15     | Killed Azrael
 15660 | D:15     | XOM: fake destruction
 15670 | D:15     | XOM: enchant monster (good)
 15673 | D:15     | XOM: fog
 15693 | D:15     | XOM: confuse monster(s)
 15695 | D:15     | XOM: summons 2 friendly demons
 16007 | D:15     | XOM: give mutations
 16007 | D:15     | Gained mutation: You are very robust. (+20% HP) [Xom's
                  | grace]
 16007 | D:15     | Gained mutation: You expend magic power (3 MP) to
                  | strengthen your wands. [Xom's grace]
 16007 | D:15     | Lost mutation: You have a beak for a mouth. [Xom's grace]
 16007 | D:15     | Gained mutation: You have very sharp teeth. [Xom's grace]
 16064 | D:15     | XOM: fog
 16095 | D:15     | XOM: summons friendly white imp
 16106 | D:15     | XOM: enchant monster (good)
 16107 | D:15     | XOM: summons friendly shadow imp
 16112 | D:15     | XOM: swap monsters
 16343 | D:15     | XOM: 2-stop teleportation journey
 16360 | D:15     | Reached skill level 12 in Staves
 16420 | D:15     | Found a staircase to the Depths.
 16428 | D:15     | XOM: divination: detect creatures
 16432 | D:15     | Reached skill level 10 in Armour
 16770 | D:15     | XOM: give mutation
 16770 | D:15     | Gained mutation: Your flesh is almost immune to the effects
                  | of cold. (rC+++) [Xom's grace]
 16824 | D:15     | XOM: fog
 16850 | D:15     | XOM: cleaving
 16854 | D:15     | XOM: 4-stop teleportation journey
 17026 | D:15     | XOM: draining
 17028 | D:15     | XOM: summons 5 hostile demons
 17811 | Depths:1 | Entered Level 1 of the Depths
 17848 | Depths:1 | Reached skill level 5 in Throwing
 17852 | Depths:1 | XOM: summons 2 hostile demons
 17874 | Depths:1 | XOM: polymorph yaktaur -> cyclops
 17879 | Depths:1 | XOM: summons friendly ufetubus
 17913 | Depths:1 | XOM: give mutation
 17913 | Depths:1 | Lost mutation: You are resistant to hostile enchantments.
                  | (MR+) [Xom's mischief]
 18109 | Depths:1 | Noticed a sphinx
 18116 | Depths:1 | Paralysed by a sphinx for 6 turns
 18121 | Depths:1 | Killed a sphinx
 18121 | Depths:1 | XOM: divine lightning
 18144 | Depths:1 | HP: 2/142 [stone giant (12)]
 18145 | Depths:1 | Slain by a vampire mage

Skill      XL: |  1  2  3  4  5  6  7  8  9 10 11 12 13 14 15 |
---------------+----------------------------------------------+-----
Long Blades    | 3 4 5 |  5.0
Armour         | 2 3 4 5 7 8 9 10 | 10.3
Dodging        | 1 2 3 4 5 6 7 |  7.3
Fighting       | 4 5 6 7 8 9 10 11 | 11.4
Stealth        | 1 2 4 5 6 |  6.0
Maces & Flails | 2 4 6 7 8 |  8.5
Shields        | 1 2 |  2.3
Evocations     | 1 2 3 |  3.4
Staves         | 5 8 9 10 11 12 | 12.5
Throwing       | 1 2 3 4 5 |  5.1
Axes           | 1 2 |  2.6
Unarmed Combat | 1 |  1.6
Spellcasting   | 1 |  1.6
Translocations | 1 |  1.6

Action                   |  1- 3 |  4- 6 |  7- 9 | 10-12 | 13-15 || total
-------------------------+-------+-------+-------+-------+-------++-------
Melee: Falchion          |   114 |     6 |       |       |       ||   120
       Mace              |       |   115 |   279 |     4 |       ||   398
       Peck              |       |       |    36 |   136 |   238 ||   410
       Quarterstaff      |       |       |       |   584 |  1042 ||  1626
       Kick              |       |       |       |       |   173 ||   173
       Bite              |       |       |       |       |    48 ||    48
Throw: Tomahawk          |       |       |     2 |    26 |    94 ||   122
Evoke: Wand              |       |       |     6 |     9 |     9 ||    24
       Lamp of fire      |       |       |       |       |     1 ||     1
  Use: Potion            |       |     4 |     7 |     7 |    14 ||    32
       Scroll            |       |     2 |     8 |     6 |    16 ||    32
 Stab: Paralysed         |     2 |       |       |     5 |       ||     7
       Sleeping          |       |     1 |     3 |       |       ||     4
       Distracted        |       |       |     1 |       |       ||     1
       Confused          |       |       |       |       |     3 ||     3
  Eat: Ration            |     1 |       |     1 |     9 |     7 ||    18
       Chunk             |       |     3 |     4 |       |     5 ||    12
Armor: Leather armour    |    43 |    38 |    91 |       |       ||   172
       Skin              |       |    19 |       |       |       ||    19
       Chain mail        |       |       |       |   472 |   559 ||  1031
Dodge: Dodged            |    85 |    73 |   164 |   343 |   414 ||  1079
Block: Buckler           |       |     9 |    41 |       |       ||    50
       Rpst.: Falchion   |    35 |     1 |       |       |       ||    36
